Map: Dusk Towers

Players

Kamys

  • Race: Terran Terran
  • League: Gold

zod - Winner!

  • Race: Protoss Protoss
  • League: Silver

VOD

Have the link to the VOD?

Description

Time

  • Played on: Jan. 18, 2016, 12:08 p.m.
  • Length: 21:54
Show
View Real Time Build Order
Export as new Build Order

Kamys Terran 

Build Orders: Reaper Expand, Mech 

Get SALT Encoding   

  12  0:01  SCV  
  13  0:14  SCV  
  14  0:18  Supply Depot  
  14  0:26  SCV  
  15  0:39  SCV  
  15  0:41  Barracks  
  16  0:47  Refinery  
  16  0:52  SCV  
  17  1:04  SCV  
  18  1:16  SCV  
  19  1:31  Reaper  
  20  1:35  Command Center  
  20  1:41  Orbital Command  
  20  1:47  Refinery  
  20  1:59  Supply Depot  
  20  2:09  Factory  
  20  2:14  SCV  
  21  2:26  SCV  
  22  2:34  Barracks Tech Lab  
  22  2:38  SCV  
  22  2:50  SCV  
  23  3:01  Siege Tank  
  26  3:06  SCV  
  26  3:08  Factory  
  27  3:18  SCV  
  28  3:20  Supply Depot, Barracks Tech Lab  
  28  3:22  Orbital Command  
  28  3:25  Refinery  
  28  3:30  SCV  
  28  3:34  Siege Tank  
  32  3:36  Refinery  
  32  3:48  SCV  
  33  3:51  Engineering Bay  
  33  4:04  Siege Tank  
  33  4:06  SCV  
  37  4:24  Siege Tank  
  37  4:36  Factory  
  37  4:42  Missile Turret  
  37  4:43  Missile Turret  
  37  4:44  SCV  
  38  4:45  SCV  
  39  4:56  SCV  
  39  4:58  SCV  
  44  5:00  Siege Tank  
  44  5:04  Siege Tank  
  47  5:08  SCV  
  48  5:17  SCV  
  48  5:20  SCV  
  50  5:27  Missile Turret  
  50  5:29  SCV  
  50  5:30  Missile Turret  
  50  5:33  Missile Turret  
  50  5:34  SCV  
  52  5:41  SCV  
  53  5:46  SCV  
  53  5:47  Sensor Tower  
  50  5:53  SCV  
  48  5:58  SCV  
  45  6:05  SCV  
  45  6:10  SCV  
  40  6:13  Siege Tank  
  40  6:14  Siege Tank  
  40  6:15  Factory Tech Lab  
  40  6:18  SCV  
  43  6:23  SCV  
  44  6:30  SCV  
  44  6:31  Missile Turret  
  44  6:33  Siege Tank  
  44  6:35  SCV  
  47  6:42  SCV  
  47  6:46  Siege Tank x2  
  52  6:47  SCV  
  49  6:54  Orbital Command  
  48  7:20  Siege Tank x2  
  54  7:24  Missile Turret  
  54  7:27  Missile Turret  
  54  7:35  SCV  
  50  7:45  Missile Turret  
  50  7:50  Missile Turret  
  49  8:05  Siege Tank  
  52  8:15  SCV  
  53  8:21  Starport  
  53  8:29  Siege Tank  
  56  8:35  Missile Turret  
  56  8:41  Siege Tank, Missile Turret  
  59  9:21  SCV  
  60  9:25  Orbital Command  
  60  9:40  Command Center  
  60  9:51  SCV  
  60  9:52  SCV  
  62  10:21  Command Center  
  62  10:23  Starport Reactor  
  62  10:41  SCV x2, Siege Tank x2  
  70  11:27  SCV  
  69  11:32  Medivac x2  
  69  11:33  Siege Tank  
  76  12:08  Orbital Command  
  76  12:43  Command Center  
  76  12:44  Missile Turret  
  76  12:45  Refinery x2  
  76  12:48  Missile Turret  
  76  12:49  Siege Tank  
  76  12:50  Missile Turret  
  78  13:55  SCV x2, Siege Tank, Medivac  
  85  14:04  Orbital Command  
  85  14:07  SCV  
  85  14:08  SCV  
  87  14:16  Siege Tank x2  
  93  14:39  Medivac  
  65  15:01  Hellion  
  58  15:33  Siege Tank x2  
  58  15:34  Siege Tank  
  65  15:36  SCV x2  
  65  15:37  SCV  
  65  15:48  SCV  
  42  16:05  Siege Tank  
Show
View Real Time Build Order
Export as new Build Order

zod Protoss - Winner!

Build Orders:  

Get SALT Encoding   

  12  0:01  Probe (Chrono Boost)  
  13  0:12  Probe (Chrono Boost)  
  14  0:19  Pylon  
  14  0:22  Probe (Chrono Boost)  
  15  0:31  Assimilator  
  15  0:37  Probe (Chrono Boost)  
  16  0:44  Gateway  
  16  0:48  Probe (Chrono Boost)  
  17  0:58  Probe (Chrono Boost)  
  18  1:09  Probe (Chrono Boost)  
  19  1:12  Gateway  
  19  1:19  Probe (Chrono Boost)  
  20  1:30  Probe (Chrono Boost)  
  20  1:31  Cybernetics Core  
  21  1:36  Pylon  
  21  1:40  Probe (Chrono Boost)  
  22  1:53  Gateway  
  22  2:05  Assimilator  
  22  2:08  Warp Gate (Chrono Boost)  
  22  2:10  Mothership Core (Chrono Boost)  
  22  2:12  Adept  
  26  2:16  Adept  
  28  2:25  Pylon  
  28  2:41  Adept  
  30  2:50  Adept  
  30  2:51  Adept  
  34  3:00  Forge  
  34  3:02  Probe  
  35  3:06  Pylon  
  35  3:09  Pylon  
  35  3:17  Robotics Facility  
  35  3:25  Adept  
  37  3:44  Adept  
  39  3:59  Nexus  
  37  4:23  Warp Prism (Chrono Boost)  
  39  4:33  Gateway  
  39  4:39  Probe  
  39  4:43  Assimilator  
  40  4:46  Pylon  
  40  4:51  Probe, Pylon  
  41  4:53  Assimilator  
  41  4:57  Protoss Ground Weapons Level 1 (Chrono Boost)  
  41  5:05  Zealot  
  43  5:15  Probe, Observer  
  43  5:16  Probe  
  46  5:25  Probe  
  47  5:28  Probe  
  48  5:36  Probe  
  48  5:38  Adept  
  48  5:39  Adept  
  53  5:56  Zealot  
  47  6:10  Zealot x2  
  51  6:20  Robotics Bay  
  49  6:30  Gateway  
  49  6:33  Stalker, Gateway  
  49  6:34  Stalker x2  
  51  6:57  Stalker x2  
  51  6:58  Stalker x2  
  51  6:59  Probe  
  51  7:01  Probe  
  53  7:43  Adept  
  43  8:10  Colossus  
  49  8:23  Stargate  
  49  8:28  Nexus  
  49  8:32  Pylon  
  49  8:34  Pylon  
  49  8:36  Probe  
  49  8:37  Probe  
  49  8:38  Pylon  
  49  8:40  Stalker  
  53  8:42  Assimilator  
  53  8:46  Assimilator  
  53  8:49  Probe, Pylon  
  53  8:51  Protoss Air Weapons Level 1  
  53  8:54  Pylon  
  54  8:55  Protoss Shields Level 1 (Chrono Boost)  
  54  8:57  Pylon  
  54  9:05  Twilight Council  
  54  9:06  Stalker  
  54  9:19  Colossus  
  60  9:36  Probe  
  61  9:39  Probe  
  61  9:43  Probe  
  63  9:47  Probe  
  63  9:49  Probe  
  65  9:55  Probe  
  65  9:58  Probe  
  67  10:00  Probe  
  67  10:01  Zealot x2  
  72  10:07  Probe  
  72  10:08  Probe  
  72  10:10  Probe  
  75  10:16  Stalker x3  
  81  10:23  Protoss Ground Weapons Level 2 (Chrono Boost)  
  81  10:29  Fleet Beacon  
  81  10:33  Extended Thermal Lance (Chrono Boost)  
  81  10:42  Resonating Glaives  
  81  10:52  Probe  
  81  10:53  Probe x2  
  84  10:59  Protoss Air Armor Level 1  
  84  11:03  Probe  
  84  11:04  Stalker  
  84  11:05  Probe x2  
  89  11:18  Probe  
  80  11:50  Stalker  
  80  11:51  Stalker x5  
  80  11:52  Colossus  
  98  11:55  Tempest  
  102  12:04  Probe  
  102  12:05  Probe  
  102  12:06  Probe  
  105  12:13  Stargate  
  105  12:15  Probe, Stargate  
  105  12:16  Stargate  
  105  12:18  Probe x2  
  108  12:24  Stalker x2  
  108  12:25  Stalker x3  
  118  12:30  Probe  
  119  12:41  Probe  
  119  12:42  Probe x2  
  122  12:45  Robotics Facility  
  122  12:46  Warp Prism  
  122  12:54  Probe  
  123  13:16  Stalker  
  123  13:17  Stalker x5  
  135  13:24  Tempest  
  139  13:37  Pylon  
  139  13:40  Pylon  
  139  13:43  Pylon  
  139  13:55  Tempest  
  143  13:57  Stalker x2  
  143  13:58  Stalker x2  
  143  13:59  Stalker  
  153  14:05  Colossus  
  159  14:11  Tempest  
  163  14:20  Nexus  
  163  14:23  Assimilator  
  163  14:28  Assimilator  
  155  14:39  Zealot x2  
  155  14:40  Zealot x3  
  127  14:57  Stalker  
  123  15:03  Stalker  
  123  15:04  Stalker x2  
  123  15:05  Stalker x2  
  121  15:34  Stalker x5  
  121  15:35  Stalker  
  129  15:49  Tempest  
  116  15:50  Tempest x2  
  128  15:59  Stalker x3  
  134  16:03  Stalker  
  134  16:09  Protoss Shields Level 2  
  134  16:24  Protoss Air Weapons Level 2  
  134  16:55  Probe x2  
  134  16:56  Probe x2  
  134  17:05  Probe  
  134  17:06  Probe  
  134  17:08  Probe x2  
  134  17:17  Stalker  
  134  17:18  Stalker x3  
  134  17:20  Stalker  
  134  18:05  Protoss Ground Weapons Level 3, Zealot  
  134  18:06  Zealot x5  
  134  18:10  Charge (Chrono Boost)  
  134  18:20  Gravitic Drive (Chrono Boost)  
  134  18:37  Templar Archives  
  134  18:40  Protoss Air Armor Level 2  
  134  18:42  Tempest x2  
  134  18:43  Tempest  
  134  18:51  Pylon  
  134  18:53  Pylon  
  134  18:58  Pylon x2  
  134  19:00  Pylon  
  134  19:03  Pylon  
  134  19:09  Tempest  
  134  19:13  Pylon  
  134  19:14  Pylon  
  134  19:17  Pylon  
  134  19:32  Psionic Storm  
  134  19:35  Nexus  
  134  19:37  Pylon  
  134  19:39  Assimilator  
  134  19:40  Assimilator  
  134  19:42  Pylon x2  
  134  19:43  Pylon x2  
  134  19:44  Pylon  
  134  19:47  Pylon  
  134  19:49  Blink  
  134  19:50  High Templar x6  
  134  20:03  Archon  
  134  20:04  Archon  
Tags
 
Composition
Mech
Matchup
PvT
Add a new tag
Caveats
  • Supply blocks, unpowered buildings, or Contaminate may cause inaccurate times.
  • Supply counts are checked every 10 seconds.